 Dungeon Crawl Stone Soup version 0.17.1-3-g152610e (webtiles) character file.

9285 Eligor the Cleaver (level 11, -4/67 HPs)
             Began as a Demonspawn Fighter on Mar 6, 2016.
             Was a High Priest of Makhleb.
             Killed themself with a badly aimed orb of electricity (19 damage)
             ... on level 11 of the Dungeon.
             The game lasted 00:34:44 (12461 turns).

Eligor the Cleaver (Demonspawn Fighter)            Turns: 12461, Time: 00:34:44

Health: -4/67      AC:  5    Str: 20    XL:     11   Next: 21%
Magic:  19/19      EV: 11    Int:  7    God:    Makhleb [*****.]
Gold:   491        SH:  0    Dex: 13    Spells: 0 memorised, 10 levels left

rFire  . . .     SeeInvis .     c - +0 broad axe
rCold  + + .     Clarity  .     I - +0 steam dragon armour
rNeg   + . .     SustAt   .     (no shield)
rPois  .         Gourm    .     y - +0 helmet
rElec  .         Spirit   .     q - +0 cloak
rCorr  .         Warding  .     z - +0 pair of gloves
rMut   .         Stasis   .     (no boots)
MR     +....                    t - amulet of faith
Stlth  +.........               A - ring of protection from magic
                                l - ring of positive energy

@: corroded equipment, studying Fighting, somewhat resistant to hostile
enchantments, very unstealthy
A: hooves 1, iridescent scales 1, breathe flames 1, cold resistance 2, dopey 1,
frail 1, spiny 1
a: Minor Destruction, Lesser Servant of Makhleb, Major Destruction, Greater
Servant of Makhleb, Renounce Religion, Breathe Fire


You were on level 11 of the Dungeon.
You worshipped Makhleb.
Makhleb was extremely pleased with you.
You were not hungry.

You visited 2 branches of the dungeon, and saw 12 of its levels.
You also visited: Bailey.

You collected 765 gold pieces.
You spent 274 gold pieces at shops.

Inventory:

Hand Weapons
 c - a +0 broad axe (weapon)
Armour
 q - a +0 cloak (worn)
 w - a +0 buckler
 y - a +0 helmet (worn)
 z - a +0 pair of gloves (worn)
 I - a +0 steam dragon armour (worn)
 R - a +0 plate armour
Jewellery
 l - a ring of positive energy (left hand)
 t - an amulet of faith (around neck)
 x - a cursed amulet of inaccuracy {unknown}
 A - a ring of protection from magic (right hand)
Wands
 C - a wand of slowing (23)
 E - a wand of lightning (2)
 J - a wand of cold (6)
 L - a wand of teleportation (4)
 P - a wand of polymorph (16)
 W - a wand of confusion (11)
Scrolls
 b - 2 scrolls of fear
 j - 6 scrolls of enchant armour
 m - a scroll of random uselessness {unknown}
 n - 5 scrolls of teleportation
 o - 8 scrolls of remove curse
 v - 4 scrolls of magic mapping
 K - a scroll of enchant weapon {unknown}
 M - 2 scrolls of fog {unknown}
 N - a scroll of amnesia {unknown}
 O - 2 scrolls of noise {unknown}
 Q - 3 scrolls of blinking {unknown}
 S - a scroll of vulnerability {unknown}
 X - a scroll of recharging {unknown}
 Y - 2 scrolls of identify
Potions
 a - a potion of berserk rage {unknown}
 d - a potion of might
 f - a potion of cure mutation {unknown}
 g - a potion of heal wounds
 h - a potion of haste {unknown}
 k - 3 potions of curing
 p - a potion of flight {unknown}
 s - a potion of brilliance {unknown}
 B - a potion of cancellation
 D - a potion of beneficial mutation {unknown}
 G - a potion of degeneration {unknown}
 H - 2 potions of poison {unknown}
 T - a potion of resistance {unknown}
 Z - a potion of lignification {unknown}
Books
 F - a book of Death

   Spells                             Type                      Level
   a - Corpse Rot                     Necromancy                   2
   b - Sublimation of Blood           Necromancy                   2
   c - Agony                          Necromancy                   5
   d - Dispel Undead                  Necromancy                   5
   e - Excruciating Wounds            Charms/Necromancy            5
   f - Bolt of Draining               Conjuration/Necromancy       5
 U - a manual of Fighting
Comestibles
 e - 3 bread rations
 i - 5 beef jerkies
 r - 5 meat rations
 u - 3 royal jellies
 V - 2 fruits


   Skills:
 - Level 3.2 Fighting
 * Level 13.0 Axes
 - Level 3.0 Armour
 - Level 4.0 Shields
 + Level 11.8 Invocations


You had 10 spell levels left.
You didn't know any spells.

Dungeon Overview and Level Annotations

Branches:
Dungeon (11/15)            Temple (1/1) D:4            Lair (0/8) D:10
    Orc: D:9-12

Altars:
Ashenzari
Cheibriados
Dithmenos
Elyvilon
Fedhas
Gozag
Kikubaaqudgha
Makhleb
Nemelex Xobeh
Okawaru
Qazlal
Ru
Sif Muna
Trog
Vehumet
Xom
Yredelemnul
Zin
The Shining One

Shops:
D:6 *   D:10 %


Innate Abilities, Weirdness & Mutations

You have large cloven feet.
You are partially covered in iridescent scales (AC +4).
Your flesh is very cold resistant.
You are partially covered in sharp spines.
You can breathe flames.
You are dopey. (Int -2)
You are frail (-10% HP).


Message History

Your Axes skill increases to level 13!
The brown ugly thing barely misses you.
You barely miss the brown ugly thing.
The brown ugly thing is heavily wounded.
The brown ugly thing is struck by your spines.
The brown ugly thing barely misses you.
You hit the brown ugly thing but do no damage.
You kick the brown ugly thing, but do no damage.
The brown ugly thing is severely wounded.
The brown ugly thing is struck by your spines.
The brown ugly thing pecks you!
You are splashed with acid!
The acid corrodes you!
The acid burns!
* * * LOW HITPOINT WARNING * * *
Press: ? - help, Shift-Dir - straight line, f/p - brown ugly thing
Aim: a brown ugly thing (severely wounded)
The orb of electricity explodes!
The orb of electricity engulfs the brown ugly thing.
The brown ugly thing is almost dead.
The orb of electricity engulfs you!
You die...

#.....[.....#
#..........!#
###...........#
..............# .
..............#####..
.....................
.....................
....................
###........@u......
#...######†.$..##
#...# .....# #...#
.....# #%..# .....#
#...# .....# #...#
.....# ########...#
.....# ...........#


You could see a brown ugly thing.

Vanquished Creatures
  Erica (D:8)
  Sonja (D:10)
  A hill giant (D:6)
  Maurice (D:8)
  A komodo dragon (D:10)
  A wyvern (D:11)
  Grum (D:8)
  2 hippogriffs
  A steam dragon (D:5)
  2 wolves (D:8)
  3 sky beasts
  3 ice beasts
  A water moccasin (D:6)
  2 eyes of draining (D:10)
  12 orc warriors
  10 centaurs
  5 ogres
  Blork the orc (D:4)
  5 giant frogs
  6 scorpions
  3 killer bees (D:8)
  9 wights (D:8)
  3 hounds
  A centaur zombie (D:5)
  8 crimson imps
  2 quasits
  6 orc priests
  2 centaur skeletons
  3 giant frog skeletons
  4 iguanas
  Crazy Yiuf (D:2)
  6 orc wizards
  3 jellies
  8 worker ants
  A hound zombie (D:5)
  A hound skeleton (D:4)
  A worker ant zombie (D:8)
  9 adders
  5 gnolls
  A white imp (D:10)
  2 shadow imps
  An ooze (D:2)
  2 adder skeletons (D:7)
  2 worms (D:2)
  5 giant geckos
  53 orcs
  11 giant cockroaches
  3 hobgoblins
  17 jackals
  8 kobolds
  A ball python (D:2)
  9 bats
  A giant gecko skeleton (D:6)
  5 giant newts
  10 goblins
  3 quokkas
  A quokka zombie (D:5)
  10 rats
281 creatures vanquished.

Vanquished Creatures (others)
  A sky beast (D:10)
  3 plants (D:10)
4 creatures vanquished.

Grand Total: 285 creatures vanquished

Notes
Turn   | Place    | Note
--------------------------------------------------------------
     0 | D:1      | Eligor the Demonspawn Fighter began the quest for the Orb.
     0 | D:1      | Reached XP level 1. HP: 18/18 MP: 1/1
   260 | D:1      | Found a sparkling altar of Nemelex Xobeh.
   845 | D:2      | Gained mutation: You are partially covered in sharp spines. [demonic ancestry]
   845 | D:2      | Reached XP level 2. HP: 24/24 MP: 2/2
   869 | D:2      | Reached XP level 3. HP: 29/29 MP: 3/3
  1090 | D:2      | Reached XP level 4. HP: 30/35 MP: 4/4
  1130 | D:2      | Found a sacrificial altar of Ru.
  1285 | D:2      | Noticed Crazy Yiuf
  1289 | D:2      | Killed Crazy Yiuf
  1349 | D:2      | Reached skill level 4 in Axes
  1631 | D:3      | Gained mutation: Your flesh is cold resistant. [demonic ancestry]
  1631 | D:3      | Reached XP level 5. HP: 41/41 MP: 5/5
  1670 | D:3      | Noticed a giant frog
  1671 | D:3      | Killed a giant frog
  1671 | D:3      | Reached skill level 5 in Axes
  2039 | D:3      | Reached XP level 6. HP: 42/47 MP: 6/6
  2299 | D:3      | Found a stormy altar of Qazlal.
  2537 | D:4      | Found a stormy altar of Qazlal.
  2571 | D:4      | Found a staircase to the Ecumenical Temple.
  2618 | Temple   | Entered the Ecumenical Temple
  2661 | Temple   | Became a worshipper of Makhleb the Destroyer
  2902 | D:4      | Reached skill level 6 in Axes
  2902 | D:4      | Reached skill level 1 in Invocations
  3009 | D:4      | Noticed Blork the orc
  3016 | D:4      | Killed Blork the orc
  3016 | D:4      | Reached XP level 7. HP: 44/52 MP: 8/8
  3223 | D:4      | Reached * piety under Makhleb
  3615 | D:5      | Entered Level 5 of the Dungeon
  3659 | D:5      | Gained mutation: You are dopey. (Int -2) [mutagenic meat]
  3660 | D:5      | Gained mutation: Your flesh is very cold resistant. [mutagenic meat]
  3662 | D:5      | Gained mutation: You are frail (-10% HP). [mutagenic meat]
  3932 | D:5      | Reached skill level 7 in Axes
  3947 | D:5      | Found a shimmering altar of Xom.
  4017 | D:5      | Reached XP level 8. HP: 33/52 MP: 9/11
  4430 | D:5      | Found a snail-covered altar of Cheibriados.
  4469 | D:5      | Reached ** piety under Makhleb
  4760 | D:5      | Reached skill level 8 in Axes
  4760 | D:5      | Reached skill level 5 in Invocations
  4761 | D:5      | Found an ancient bone altar of Kikubaaqudgha.
  5727 | D:6      | Reached skill level 9 in Axes
  6050 | D:6      | Noticed a hill giant
  6058 | D:6      | Killed a hill giant
  6058 | D:6      | Gained mutation: You are partially covered in iridescent scales (AC +4). [demonic ancestry]
  6058 | D:6      | Reached XP level 9. HP: 50/57 MP: 12/14
  6169 | D:6      | Found Sygiaz's Assorted Antiques.
  6172 | D:6      | Bought a scroll of remove curse for 84 gold pieces
  6172 | D:6      | Bought a wooden ring for 140 gold pieces
  6172 | D:6      | Bought 2 blue potions for 50 gold pieces
  6406 | D:7      | Reached *** piety under Makhleb
  6881 | D:7      | Reached skill level 10 in Axes
  7627 | D:8      | Found a flagged portal.
  7630 | D:8      | Reached **** piety under Makhleb
  7633 | D:8      | Noticed Grum
  7649 | D:8      | Noticed Maurice
  7659 | D:8      | Killed Grum
  7659 | D:8      | Reached skill level 11 in Axes
  7659 | D:8      | Reached XP level 10. HP: 40/63 MP: 16/16
  7661 | D:8      | Killed Maurice
  7755 | Bailey   | Entered a bailey
  8486 | Bailey   | Reached ***** piety under Makhleb
  8616 | Bailey   | Reached skill level 10 in Invocations
  9283 | Bailey   | Reached skill level 12 in Axes
  9704 | Bailey   | Got a twisted bardiche
  9712 | Bailey   | Identified the +2 bardiche "Dugginn" {drain, rElec MR- Int+2} (You found it in a bailey)
  9825 | D:8      | Found an iron altar of Okawaru.
  9892 | D:8      | Noticed Erica
  9899 | D:8      | Killed Erica
 10023 | D:8      | Found a shimmering altar of Xom.
 10100 | D:8      | Found a shimmering altar of Xom.
 10100 | D:8      | Found a shimmering altar of Xom.
 10126 | D:8      | Found a shimmering altar of Xom.
 10128 | D:8      | Found a shimmering altar of Xom.
 11336 | D:9      | Gained mutation: You have large cloven feet. [demonic ancestry]
 11336 | D:9      | Reached XP level 11. HP: 67/67 MP: 19/19
 11449 | D:10     | Entered Level 10 of the Dungeon
 11450 | D:10     | Gained mutation: You are weak. (Str -2) [mutagenic meat]
 11451 | D:10     | Gained mutation: You can breathe flames. [mutagenic meat]
 11452 | D:10     | Lost mutation: You are weak. (Str -2) [mutagenic meat]
 11632 | D:10     | Noticed Sonja
 11639 | D:10     | Killed Sonja
 11641 | D:10     | HP: 3/67 [poisoned by Sonja]
 11723 | D:10     | Found Marph's Food Emporium.
 12234 | D:10     | Found a staircase to the Lair.
 12458 | D:11     | Reached skill level 13 in Axes
 12461 | D:11     | Killed themself with a badly aimed orb of electricity

Action                   |  1- 3 |  4- 6 |  7- 9 | 10-12 || total
-------------------------+-------+-------+-------+-------++-------
Melee: War axe           |    52 |    92 |       |       ||   144
       Broad axe         |       |    14 |   297 |   269 ||   580
Invok: Major Destruction |       |       |       |    19 ||    19
       Minor Destruction |       |       |       |     2 ||     2
Evoke: Wand              |       |       |     5 |    10 ||    15
  Use: Scroll            |       |     5 |     4 |     1 ||    10
       Potion            |       |       |       |     2 ||     2
 Stab: Sleeping          |       |       |       |     2 ||     2
  Eat: Chunk             |       |     4 |    16 |    12 ||    32
       Bread ration      |       |     1 |       |     2 ||     3
       Fruit             |       |       |     2 |     1 ||     3
